 Dungeon Crawl Stone Soup version 0.30-a0-1043-g60ff8d5f49 (webtiles) character file.

Game seed: 1221892637617399267

268 quinnr the Sneak (level 6, -2/49 HPs)
             Began as a Naga Air Elementalist on Apr 10, 2023.
             Slain by an ogre
             ... wielding a +0 giant club
              (8 damage)
             ... on level 4 of the Dungeon.
             The game lasted 00:09:18 (3243 turns).

quinnr the Sneak (Naga Air Elementalist)            Turns: 3243, Time: 00:09:18

Health: -2/49      AC:  4    Str: 10    XL:     6   Next: 21%
Magic:  9/9        EV:  9    Int: 24    God:
Gold:   19         SH:  0    Dex: 11    Spells: 2/9 levels left

rFire   + . .      SeeInvis +    w - +3 dagger
rCold   + + .      Faith    .    (no shield)
rNeg    . . .      Spirit   .    a - +0 robe
rPois   +          Reflect  .    (no helmet)
rElec   +          Rampage  .    u - scarf {+Inv}
rCorr   +                        q - +0 pair of gloves
Will    .....                    (no barding)
Stlth   +++                      (no amulet)
HPRegen 0.28/turn                C - ring of protection from cold
MPRegen 0.11/turn                I - +6 ring of intelligence

@: mighty, brilliant, resistant, flying, very slow
A: AC +2, large, see invisible, deformed body, poison resistance, slowness 2,
spit poison 1, naga tail 1
a: Spit Poison, Evoke Invisibility


You were on level 4 of the Dungeon.
You visited 1 branch of the dungeon, and saw 5 of its levels.

You collected 181 gold pieces.
You spent 162 gold pieces at shops.


Innate Abilities, Weirdness & Mutations

Your serpentine skin is tough. (AC +2)
You have supernaturally acute eyesight. (SInv)
Armour fits poorly on your strangely shaped body.
Your system is resistant to poisons. (rPois)
You cover ground very slowly.
You can spit poison.
You have a snake-like lower body.


   Skills:
 - Level 1.5 Dodging
 - Level 6.0 Stealth
 - Level 2.0 Spellcasting
 - Level 3.0 Conjurations
 + Level 5.0 Air Magic


You had 2 spell levels left.
You knew the following spells:

 Your Spells              Type           Power      Damage    Failure   Level
a - Airstrike             Air            20%        2d(3-19)  16%         4
t - Static Discharge      Conj/Air       64%        2-5/arc   3%          2
z - Shock                 Conj/Air       100%       1d9       2%          1

Your spell library contained the following spells:

 Spells                   Type           Power      Damage    Failure   Level
 Summon Small Mammal      Summ           12%        N/A       12%         1
 Lesser Beckoning         Tloc           6%         N/A       19%         2
 Swiftness                Air            40%        N/A       4%          3
 Call Canine Familiar     Summ           3%         N/A       34%         3
 Gell's Gravitas          Tloc           3%         N/A       34%         3
 Summon Guardian Golem    Hex/Summ       3%         N/A       34%         3
 Teleport Other           Tloc           3%         N/A       34%         3

Inventory:

Hand Weapons
 c - a +0 sling
 w - a +3 dagger (weapon)
Armour
 a - a +0 robe (worn)
 q - a +0 pair of gloves (worn)
 u - a scarf of invisibility (worn)
Jewellery
 C - a ring of protection from cold (left hand)
 I - a +6 ring of intelligence (right hand)
Scrolls
 i - 3 scrolls of poison {unknown}
 j - 2 scrolls of identify {@r1}
 m - a scroll of teleportation {@r2}
 n - a scroll of silence {unknown}
 p - 2 scrolls of magic mapping
 r - a scroll of acquirement {unknown}
 s - a scroll of immolation {unknown}
 t - a scroll of vulnerability {unknown}
Potions
 b - 2 potions of magic
 d - 2 potions of ambrosia {unknown}
 e - 4 potions of curing {unknown}
 f - 2 potions of flight
 h - a potion of might
 k - a potion of haste {@q3}
 v - a potion of lignification {unknown}

Dungeon Overview and Level Annotations

Branches:
Dungeon (5/15)
 Temple: D:4-7

Altars:
Ashenzari

Shops:
D:3

? .. ..!.#. .. ....' .
...# ### . #. ... ..
..#######..##.###'####...
........#............K...
.<......#................
......).#........O.......
#....####..#####@##.####.#
#)...## #.##.##'####.#
..>...# #.....#...^...
......# #.....#.......
......# #.....'.......
......# #.....#.......
......# #...†.#.....K.
......# #.....#.......
#....#########...##...###.


You could see an ogre and a kobold (wandering).


Message History

As you read the scroll of identify {@r1}, it crumbles to dust.
l - a scroll of fear The ogre hits you with a +0 giant club!
As you read the scroll of fear, it crumbles to dust.
You assume a fearsome visage.
The ogre looks frightened! x2
You hit the ogre.
Your attack snaps the ogre out of its fear.
The ogre is lightly wounded.
The ogre hits you with a +0 giant club!
* * * LOW HITPOINT WARNING * * *
The ogre hits you with a +0 giant club!
* * * LOW HITPOINT WARNING * * *
Okay, then.
Okay, then.
It was a potion of flight.
You feel very buoyant.
You fly up into the air.
The ogre closely misses you.
Hit: w) +3 dagger
Press: ? - help, Dir - move target
Okay, then.
It was a potion of resistance.
You feel protected.
It was a potion of might.
You feel very mighty all of a sudden.
A kobold comes into view. It is wielding a +0 club.
The ogre closely misses you.
It was a potion of brilliance.
You feel clever all of a sudden. The ogre hits you with a +0 giant club!
You die...

Skill      XL: |  1  2  3  4  5  6 |
---------------+-------------------+-----
Stealth        | 4 5 6 |  6.0
Air Magic      | 4 5 |  5.0
Conjurations   | 2 3 |  3.0
Dodging        | |  1.5
Spellcasting   | |  2.0

Action                     |  1- 3 |  4- 6 || total
---------------------------+-------+-------++-------
  Melee: Dagger            |       |     1 ||     1
   Fire: Sling             |    28 |     1 ||    29
   Cast: Shock             |    52 |    64 ||   116
Ability: Spit Poison       |     3 |     1 ||     4
    Use: Potion            |       |     4 ||     4
         Scroll            |       |     3 ||     3
 Armour: Robe              |     2 |     8 ||    10
  Dodge: Dodged            |    11 |    13 ||    24

Levels and vault maps discovered:
D:1:      minmay_arrival_plants_in_alcoves, layout_rooms, minmay_tromino_v4_c
D:2:      layout_basic, ebering_ecumenical_altar_sacrificial, basic_altar
D:3:      layout_basic, serial_shops, nicolae_diamond_shop,
          minmay_goblin_kobold_house
D:4:      layout_gridville
D:5:      layout_loops_cross, nemelex_diamond_rough_becter,
          minmay_temple_entry_waves

Notes
Turn   | Place    | Note
-------+----------+-------------------------------------------
     0 | D:1      | quinnr the Naga Air Elementalist began the quest for the
                  | Orb.
     0 | D:1      | Reached XP level 1. HP: 15/15 MP: 3/3
    68 | D:1      | Reached XP level 2. HP: 3/22 MP: 0/5
   468 | D:1      | Reached skill level 4 in Stealth
   675 | D:1      | Reached XP level 3. HP: 21/28 MP: 0/6
   920 | D:2      | Found a faded altar of an unknown god.
   945 | D:2      | Found a broken altar of Ashenzari.
   991 | D:2      | Learned a level 2 spell: Static Discharge
  1689 | D:3      | Reached skill level 5 in Stealth
  1689 | D:3      | Reached skill level 4 in Air Magic
  1689 | D:3      | Reached XP level 4. HP: 11/36 MP: 1/7
  1964 | D:3      | Found Dounyah's Magic Scroll Shop.
  1971 | D:3      | Bought a scroll of teleportation for 39 gold pieces
  1971 | D:3      | Bought a scroll of magic mapping for 97 gold pieces
  1971 | D:3      | Bought a scroll of identify for 26 gold pieces
  2257 | D:4      | Reached skill level 2 in Conjurations
  2391 | D:4      | Reached XP level 5. HP: 34/42 MP: 3/8
  2601 | D:4      | Noticed an ogre
  2648 | D:3      | Learned a level 4 spell: Airstrike
  2678 | D:4      | Noticed a phantom
  2688 | D:4      | Killed a phantom
  2689 | D:4      | Reached skill level 6 in Stealth
  2689 | D:4      | Reached skill level 3 in Conjurations
  2689 | D:4      | Reached XP level 6. HP: 36/49 MP: 2/9
  2856 | D:5      | Entered Level 5 of the Dungeon
  2856 | D:5      | Noticed a black bear
  3083 | D:4      | Reached skill level 5 in Air Magic
  3241 | D:4      | Identified a potion of resistance
  3243 | D:4      | Slain by an ogre

Vanquished Creatures
  A phantom (D:4)
  2 hounds
  5 gnolls (D:4)
  2 adders
  An ufetubus (D:4)
  2 dart slugs
  3 ball pythons
  6 endoplasms
  A giant cockroach (D:1)
  8 goblins
  7 hobgoblins
  4 quokkas
  4 bats
  2 frilled lizards
  8 kobolds
  3 rats
59 creatures vanquished.

Table legend: (Time is in decaauts)
 A = Elapsed time spent in this place.
 B = Non-inter-level travel time spent in this place.
 C = Inter-level travel time spent in this place.
 D = Time resting spent in this place.
 E = Time spent auto-exploring this place.
 F = Levels seen in this place.
 G = Mean time per level.
                   A        B        C        D        E       F      G
               +--------+--------+--------+--------+--------+-----+--------+
         Total |   3979 |   3825 |    154 |    471 |   2668 |   5 |  795.8 |
       Dungeon |   3979 |   3825 |    154 |    471 |   2668 |   5 |  795.8 |
               +--------+--------+--------+--------+--------+-----+--------+

Top non-repeatable levels by time:
     D:1: 1061 daAuts
     D:4: 1036 daAuts
     D:2: 954 daAuts
     D:3: 922 daAuts
     D:5: 4 daAuts

Table legend:
 A = Non-vault XP
 B = Vault XP
 C = Vault XP percentage of total XP
 D = Non-vault monster count
 E = Vault monster count
 F = Vault count percentage of total count
                 A         B        C        D         E       F
            +---------+---------+-------+---------+---------+-------
      Total |     378 |       5 |   1.3 |      56 |       3 |   5.1
            +---------+---------+-------+---------+---------+-------
        D:1 |      34 |       4 |  10.5 |      20 |       2 |   9.1
        D:2 |      28 |       0 |   0.0 |       9 |       0 |   0.0
        D:3 |      71 |       1 |   1.4 |       9 |       1 |  10.0
        D:4 |     245 |       0 |   0.0 |      18 |       0 |   0.0
            +---------+---------+-------+---------+---------+-------
